 Dungeon Crawl Stone Soup version 0.25.1-2-g60ff931df9 (webtiles) character file.

Game seed: 7351154491513787429

24 BledDest the Skirmisher (level 3, -2/29 HPs)
             Began as a Human Warper on Aug 1, 2020.
             Slain by a worm (9 damage)
             ... on level 1 of the Dungeon.
             The game lasted 00:02:00 (1064 turns).

BledDest the Skirmisher (Human Warper)              Turns: 1064, Time: 00:02:01

Health: -2/29      AC:  3    Str: 11    XL:     3   Next: 15%
Magic:  2/6        EV: 11    Int: 13    God:
Gold:   67         SH:  3    Dex: 13    Spells: 4/6 levels left

rFire    . . .     SeeInvis .   a - +0 spear
rCold    . . .     Gourm    .   c - +0 buckler
rNeg     . . .     Faith    .   b - +0 leather armour
rPois    .         Spirit   .   (no helmet)
rElec    .         Reflect  .   (no cloak)
rCorr    .         Harm     .   (no gloves)
MR       .....                  (no boots)
Stlth    +.........             (no amulet)
HPRegen  0.09/turn              (no ring)
MPRegen  0.10/turn              (no ring)

@: very slightly contaminated
A: no striking features
a: no special abilities


You were on level 1 of the Dungeon.
You were hungry.

You visited 1 branch of the dungeon, and saw 2 of its levels.

You collected 67 gold pieces.

Inventory:

Hand Weapons
 a - a +0 spear (weapon)
Missiles
 e - 5 boomerangs of dispersal (quivered)
 g - 9 poisoned darts
 k - 26 stones
Armour
 b - a +0 leather armour (worn)
 c - a +0 buckler (worn)
 j - a +0 ring mail
Scrolls
 d - a scroll of blinking
 i - a scroll of magic mapping {unknown}
 n - a scroll of teleportation {unknown}
Potions
 h - a potion of lignification {unknown}
 l - a potion of heal wounds {unknown}
 m - a potion of stabbing {unknown}
Comestibles
 f - a ration
 o - 4 chunks of flesh


   Skills:
 + Level 3.4 Fighting
 - Level 2.0 Polearms
 - Level 1.0 Throwing
 - Level 1.0 Armour
 - Level 2.0 Dodging
 - Level 2.0 Spellcasting
 - Level 3.0 Translocations


You had 4 spell levels left.
You knew the following spells:

 Your Spells              Type           Power        Failure   Level  Hunger
a - Blink                 Tloc           N/A          24%         2    ###....

Your spell library contained the following spells:

 Spells                   Type           Power        Failure   Level  Hunger
 Shroud of Golubria       Chrm/Tloc      #.....       41%         2    ###....
 Gell's Gravitas          Tloc           #.........   43%         3    ####...
 Lesser Beckoning         Tloc           #.........   43%         3    ####...
 Teleport Other           Tloc           #.......     43%         3    ####...
 Passage of Golubria      Tloc           N/A          85%         4    #####..


Dungeon Overview and Level Annotations

Branches:
Dungeon (2/15)

Altars:


Message History

The worm is heavily wounded.
Casting: Blink (quite dangerous; 24% risk of failure)
Confirm with . or Enter, or press ? or * to list all spells.
The spell is quite dangerous to cast (24% risk of failure)!
Continue anyway?
You miscast Blink.
You are very lightly contaminated with residual magic.
Nothing appears to happen.
You hit the worm.
The worm is severely wounded.
You block the worm's attack.
You hit the worm.
The worm is severely wounded.
The worm bites you.
* * * LOW HITPOINT WARNING * * *
You hit the worm.
The worm is almost dead.
You hit the worm.
The worm is almost dead.
The worm bites you!
You die...

##.######....#.#..#.......##.....
##.# #.####.#..##.############
.#.# #.# #.#...#.# .#.# #.#
#.#...#.# >#.# #.# #.#.....# ####
##.# #.####.#..>#####..# .#.#
#.#..........##...♣♣##### .#.#
#.#[##.#w##.##♣....♣#..[. .#.#
##...##.#@...# ♣....♣#.... .#)#
#..........### ♣....♣#...# .#.#
#..........# #''#..#.#'#
.#.#####........#.# #..#..#.#<#
.#.............##.### #..#..#'###
.#############)##...# #..#♣.)....
.......# #.###.####''#♣.....≈
######.# #.# #...##..######.≈
#### #.# #.#####.##....'..##≈


You could see a worm.

Vanquished Creatures
  An ooze (D:1)
  4 bats (D:1)
  A giant cockroach (D:1)
  4 hobgoblins (D:1)
  4 kobolds (D:1)
  4 frilled lizards (D:1)
  A rat (D:1)
19 creatures vanquished.

Notes
Turn   | Place    | Note
-------+----------+-------------------------------------------
     0 | D:1      | BledDest the Human Warper began the quest for the Orb.
     0 | D:1      | Reached XP level 1. HP: 16/16 MP: 3/3
   123 | D:1      | Reached XP level 2. HP: 21/23 MP: 5/5
   131 | D:1      | Learned a level 2 spell: Blink
   545 | D:1      | Reached XP level 3. HP: 26/29 MP: 6/6
  1064 | D:1      | Slain by a worm

Illustrated notes

Levels and vault maps discovered:
D:1:      sevenhm_arrival_forest_fort_small_5, layout_basic, minmay_tetromino_s4
D:2:      layout_basic, grunt_temple_overflow_holy_war, hangedman_ru_absence,
          nicolae_overflow_hidden_temple, first_ration, uniq_natasha

Skill      XL: |  1  2 |
---------------+-------+-----
Fighting       | 3 |  3.4
Polearms       | |  2.0
Throwing       | |  1.0
Armour         | |  1.0
Dodging        | |  2.0
Spellcasting   | |  2.0
Translocations | |  3.0

Action                   || total
-------------------------++-------
Melee: Spear             ||    92
 Cast: Blink             ||     1
 Stab: Sleeping          ||     2
Armor: Leather armour    ||    19
Dodge: Dodged            ||    34
Block: Buckler           ||     5
